 Dungeon Crawl Stone Soup version 0.31-a0-217-g58bb5d79cf (webtiles) character file.

Game seed: 9657879481615627017

254 qw the Shooter (level 5, -9/45 HPs)
             Began as a Minotaur Hexslinger on July 2, 2023.
             Mangled by Edmund
             ... wielding a +2 heavy flail
              (13 damage)
             ... on level 4 of the Dungeon.
             The game lasted 00:00:58 (2327 turns).

qw the Shooter (Minotaur Hexslinger)                Turns: 2327, Time: 00:00:58

Health: -9/45      AC:  3    Str: 13    XL:     5   Next: 91%
Magic:  0/5        EV: 12    Int: 10    God:
Gold:   148        SH:  0    Dex: 14    Spells: 5/6 levels left

rFire   . . .        Y - +2 sling
rCold   . . .        (no shield)
rNeg    . . .        g - +0 leather armour
rPois   .            (helmet restricted)
rElec   .            (no cloak)
rCorr   .            (no gloves)
SInv    .            (no boots)
Will    +....        b - amulet of guardian spirit
Stlth   +            j - ring of willpower
HPRegen 0.27/turn    (no ring)
MPRegen 0.09/turn

%: guardian spirit
@: no status effects
A: horns 2, retaliatory headbutt
a: no special abilities


You were on level 4 of the Dungeon.
You visited 1 branch of the dungeon, and saw 4 of its levels.

You collected 148 gold pieces.


Innate Abilities, Weirdness & Mutations

You have a pair of horns on your head.
You reflexively headbutt those who attack you in melee.


   Skills:
 + Level 3.3 Fighting
 - Level 6.2 Ranged Weapons
 - Level 2.1 Dodging
 - Level 1.0 Spellcasting
 - Level 2.0 Hexes


You had 5 spell levels left.
You knew the following spells:

 Your Spells              Type           Power      Damage    Failure   Level
a - Slow                  Hex            16%        N/A       19%         1

Your spell library contained the following spells:

 Spells                   Type           Power      Damage    Failure   Level
 Inner Flame              Hex/Fire       2%         N/A       65%         3
 Portal Projectile        Hex/Tloc       4%         N/A       65%         3
 Cause Fear               Hex            2%         N/A       88%         4

Inventory:

Hand Weapons
 Y - a +2 sling (weapon)
Armour
 a - a +0 ring mail
 g - a +0 leather armour (worn)
Jewellery
 b - an amulet of guardian spirit (around neck)
 j - a ring of willpower (left hand)
Potions
 d - a potion of attraction {unknown}
 e - a potion of magic {unknown}
 f - a potion of enlightenment {unknown}
 h - a potion of heal wounds {unknown}
 i - a potion of invisibility {unknown}
 k - a potion of lignification {unknown}

Dungeon Overview and Level Annotations

Branches:
Dungeon (4/15)
 Temple: D:4-7

Altars:
Fedhas
Ru

Annotations:
D:4 Edmund


Message History

You shoot a sling bullet. The sling bullet hits Edmund.
Edmund is lightly wounded.
Edmund barely misses you. You furiously retaliate!
You headbutt Edmund. You shoot a sling bullet. The sling bullet hits Edmund.
Edmund is moderately wounded.
Edmund hits you with a +2 heavy flail.
You shoot a sling bullet.
The sling bullet hits Edmund but does no damage.
Edmund is moderately wounded.
You shoot a sling bullet. The sling bullet barely misses Edmund.
Edmund says, "Everyone always remembers my brother. 'Who's Edmund?' they ask!"
Edmund misses you.
You shoot a sling bullet.
The sling bullet hits Edmund but does no damage.
Edmund is moderately wounded.
Edmund hits you with a +2 heavy flail.
You shoot a sling bullet. The sling bullet hits Edmund.
Edmund is moderately wounded.
Edmund hits you with a +2 heavy flail.
You shoot a sling bullet. The sling bullet hits Edmund.
Edmund is heavily wounded.
You shoot a sling bullet.
The sling bullet hits Edmund but does no damage.
Edmund is heavily wounded.
Edmund misses you. You furiously retaliate!
You headbutt Edmund. You shoot a sling bullet.
The sling bullet hits Edmund but does no damage.
Edmund is heavily wounded.
Edmund hits you but does no damage.
You shoot a sling bullet. The sling bullet hits Edmund!
Edmund is severely wounded.
Edmund hits you with a +2 heavy flail!
You shoot a sling bullet.
The sling bullet hits Edmund but does no damage.
Edmund is severely wounded.
You hear the brisk rusting of a distant drain.
You shoot a sling bullet. The sling bullet hits Edmund.
Edmund is severely wounded.
Edmund hits you with a +2 heavy flail!
You die...

#....## ....... # .
#..... .. ....##...# ...
.........#####...
..........#....##.
#......#...#........
.......#..@@.......
.......#.##.......#
#......># #..)...#
###....## ##....### .
#.#.....#####[...#.###..
..........##........./...
....#..........[[.......
..............##.[..##..
. ..#..........####..##
.#


You could see Edmund.

Vanquished Creatures
  An ogre (D:4)
  A jelly (D:4)
  An orc wizard (D:4)
  4 adders
  A dart slug (D:1)
  7 orcs (D:4)
  6 endoplasms
  5 giant cockroaches
  4 goblins
  6 hobgoblins
  3 jackals (D:3)
  9 kobolds
  5 quokkas
  5 ball pythons
  3 bats
  2 frilled lizards
  4 rats
67 creatures vanquished.

Notes
Turn   | Place    | Note
-------+----------+-------------------------------------------
     0 | D:1      | qw the Minotaur Hexslinger began the quest for the Orb.
     0 | D:1      | Reached XP level 1. HP: 16/16 MP: 1/1
     0 | D:1      | 0 ||| qw: Version: 0.3-a-40-ge99b1a8
     0 | D:1      | 0 ||| qw: Game counter: 146
     0 | D:1      | 0 ||| qw: Melee chars always use a shield: true
     0 | D:1      | 0 ||| qw: God list: Okawaru
     0 | D:1      | 0 ||| qw: Allow faded altars: false
     0 | D:1      | 0 ||| qw: Do Orc after clearing Dungeon:15 true
     0 | D:1      | 0 ||| qw: Do second Lair branch before Depths: true
     0 | D:1      | 0 ||| qw: Lair rune preference: random
     0 | D:1      | 0 ||| qw: Goals: Normal
     0 | D:1      | 0 ||| PLANNING D:1-11
   237 | D:1      | Reached skill level 3 in Ranged Weapons
   247 | D:1      | Reached XP level 2. HP: 20/23 MP: 2/2
   733 | D:1      | 733 ||| UPGRADING to +0 leather armour.
   743 | D:1      | 743 ||| DROPPING +0 robe.
   744 | D:1      | 744 ||| READING scroll labelled EMODOU BEDITS.
   745 | D:1      | 745 ||| READING scroll labelled WERUGANLUE.
   746 | D:1      | 746 ||| READING scroll labelled DORU OFUUFU.
   747 | D:1      | 747 ||| DROPPING scroll of poison.
   990 | D:2      | Reached XP level 3. HP: 29/29 MP: 3/3
  1268 | D:2      | Reached skill level 4 in Ranged Weapons
  1414 | D:2      | Found a blossoming altar of Fedhas.
  1497 | D:2      | 1497 ||| UPGRADING to amulet of guardian spirit.
  1502 | D:2      | 1502 ||| UPGRADING to ring of willpower.
  1503 | D:2      | 1503 ||| READING scroll labelled ESEISM SABED.
  1504 | D:2      | 1504 ||| READING scroll labelled PAABBA FUCU.
  1505 | D:2      | 1505 ||| READING scroll labelled XOCAGR JYUFUQ.
  1510 | D:2      | 1510 ||| READING scroll labelled MUHOSO CUOPO.
  1535 | D:3      | 1535 ||| STAIRDANCE
  1700 | D:3      | Reached XP level 4. HP: 36/36 MP: 4/4
  1997 | D:3      | 1997 ||| READING scroll labelled GAFOED JUPSURE.
  1998 | D:3      | 1998 ||| READING scroll labelled BIEHIARARR.
  2018 | D:4      | 2018 ||| PLANNING SEWER
  2023 | D:4      | Reached skill level 5 in Ranged Weapons
  2034 | D:4      | Found a sacrificial altar of Ru.
  2090 | D:4      | Reached skill level 3 in Fighting
  2090 | D:4      | Reached XP level 5. HP: 36/45 MP: 5/5
  2111 | D:4      | Noticed an ogre
  2121 | D:4      | Killed an ogre
  2122 | D:4      | Reached skill level 6 in Ranged Weapons
  2124 | D:4      | HP: 9/45 [orc/+0 hand axe (6)]
  2125 | D:4      | HP: 4/45 [orc/+0 hand axe (5)]
  2160 | D:4      | Noticed Edmund
  2161 | D:4      | 2161 ||| FLEEEEING.
  2162 | D:4      | 2162 ||| FLEEEEING.
  2163 | D:4      | 2163 ||| FLEEEEING.
  2167 | D:4      | 2167 ||| STAIRDANCE
  2325 | D:4      | HP: 3/45 [Edmund/+2 heavy flail (12)]
  2327 | D:4      | Mangled by Edmund

Levels and vault maps discovered:
D:1:      elethiomel_arrival_quiet, layout_basic, grunt_decor_mini_mirrors
D:2:      layout_basic, basic_altar
D:3:      layout_rooms
D:4:      layout_cave_pools, nicolae_overflow_hidden_temple,
          minmay_temple_entry_overgrown, portal_sewer_entry_b, uniq_sigmund,
          uniq_edmund

Skill      XL: |  1  2  3  4  5 |
---------------+----------------+-----
Ranged Weapons | 3 4 5 6 |  6.2
Fighting       | 2 3 |  3.3
Dodging        | |  2.1
Spellcasting   | |  1.0
Hexes          | |  2.0

Action                     |  1- 3 |  4- 6 || total
---------------------------+-------+-------++-------
   Fire: Sling             |   111 |    90 ||   201
    Use: Scroll            |     7 |     2 ||     9
 Armour: Robe              |     2 |       ||     2
         Leather armour    |     6 |     5 ||    11
  Dodge: Dodged            |    27 |    34 ||    61

Table legend:
 A = Non-vault XP
 B = Vault XP
 C = Vault XP percentage of total XP
 D = Non-vault monster count
 E = Vault monster count
 F = Vault count percentage of total count
                 A         B        C        D         E       F
            +---------+---------+-------+---------+---------+-------
      Total |     364 |       0 |   0.0 |      67 |       0 |   0.0
            +---------+---------+-------+---------+---------+-------
        D:1 |      27 |       0 |   0.0 |      16 |       0 |   0.0
        D:2 |      57 |       0 |   0.0 |      20 |       0 |   0.0
        D:3 |      41 |       0 |   0.0 |      18 |       0 |   0.0
        D:4 |     239 |       0 |   0.0 |      13 |       0 |   0.0
            +---------+---------+-------+---------+---------+-------
